Description

VOD

https://youtu.be/_YWmU-E2WFc?t=3657

Build Order

Get SALT Encoding   

  13  0:13  Pylon  
  16  0:42  Gateway  
  17  1:01  Assimilator  AlphaStar tried to steal Gas but went for the Pylon instead. If you place a Pylon vs AI then all workers will attack it so I just put it as Assimilator.
  18  1:03  Assimilator  
  18  1:08  Assimilator  
  20  1:29  Cybernetics Core  
  22  1:30  Zealot  
  22  1:38  Pylon  
  23  2:03  Stalker  
  23  2:06  Robotics Facility  
  25  2:08  Shield Battery  
  25  2:22  Shield Battery  
  27  2:33  Stalker  
  31  2:43  Pylon  
  31  2:45  Immortal  
  34  3:23  Immortal (Chrono Boost)  
  36  3:34  Stalker  
  33  3:57  Shield Battery  
  33  3:59  Stargate  
  31  4:01  Pylon  
  33  4:20  Shield Battery  
  35  4:27  Immortal (Chrono Boost)  
  35  4:44  Phoenix  
  35  4:51  Shield Battery  
  33  5:04  Immortal  
  33  5:42  Void Ray  
  36  5:47  Shield Battery  
  37  6:10  Pylon  
Spawning Tool Build Advisor. Get it on Overwolf

Go to:

Details

  • Created by: nanorine   
  • Published on: Jun 13, 2019
  • Modified on: Jul 20, 2019
  • Patch: 4.7.1
Show
View Real Time Build Order
Export as new Build Order

Comments (0)

There are no comments. Be the first!

Create an account to comment!